 Dungeon Crawl Stone Soup version 0.30.1-4-g462c640d31 (webtiles) character file.

Game seed: 5149621412757086155

28 Amplified the Conjurer (level 2, 0/23 HPs)
             Began as a Demonspawn Reaver on Sept 7, 2023.
             Succumbed to an adder's poison
             ... on level 2 of the Dungeon.
             The game lasted 00:01:20 (831 turns).

Amplified the Conjurer (Demonspawn Reaver)           Turns: 831, Time: 00:01:21

Health: 0/23       AC:  3    Str: 12    XL:     2   Next: 96%
Magic:  5/5        EV: 11    Int: 14    God:
Gold:   15         SH:  0    Dex: 11    Spells: 2/5 levels left

rFire   . . .        a - +0 mace
rCold   . . .        (no shield)
rNeg    . . .        b - +0 leather armour
rPois   .            (no helmet)
rElec   .            (no cloak)
rCorr   .            (no gloves)
SInv    .            (no boots)
Will    .....        (no amulet)
Stlth   +            (no ring)
HPRegen 0.23/turn    (no ring)
MPRegen 0.09/turn

%: no passive effects
@: lethally poisoned (0 -> -3), on berserk cooldown, slowed, very slow
A: powered by pain 1
a: no special abilities


You were on level 2 of the Dungeon.
You visited 1 branch of the dungeon, and saw 2 of its levels.

You collected 15 gold pieces.

Inventory:

Hand Weapons
 a - a +0 mace (weapon)
Armour
 b - a +0 leather armour (worn)
Scrolls
 f - a scroll of fog {unknown}
 g - a scroll of brand weapon {unknown}
 h - a scroll of blinking {unknown}
Potions
 d - a potion of berserk rage
 e - a potion of degeneration {unknown}


   Skills:
 * Level 2.4 Fighting
 * Level 3.0 Maces & Flails
 * Level 1.0 Armour
 * Level 2.1 Dodging
 - Level 2.0 Spellcasting
 - Level 3.0 Conjurations


You had 2 spell levels left.
You knew the following spells:

 Your Spells              Type           Power      Damage    Failure   Level
a - Kiss of Death         Conj/Necr      20%        2d7       16%         1
b - Momentum Strike       Conj/Tloc      10%        3d8       24%         2

Your spell library contained the following spells:

 Spells                   Type           Power      Damage    Failure   Level
 Hailstorm                Conj/Ice       5%         3d4       43%         3
 Call Canine Familiar     Summ           1%         N/A       65%         3
 Portal Projectile        Hex/Tloc       2%         N/A       65%         3
 Leda's Liquefaction      Hex/Erth       0%         N/A       96%         4


Dungeon Overview and Level Annotations

Branches:
Dungeon (2/15)

Altars:


Innate Abilities, Weirdness & Mutations

You sometimes gain a little power by taking damage.


Message History

The adder bites you.
* * * LOW HITPOINT WARNING * * *
You are poisoned.
The adder poisons you! The adder barely misses you.
You feel better. The adder bites you.
You are poisoned.
The adder poisons you!
Unknown command.
You miss the adder.
The adder is severely wounded.
You feel sick. The adder bites you but does no damage. The adder bites you.
* * * LOW HITPOINT WARNING * * *
You are lethally poisoned!
The adder poisons you!
Unknown command.
Unknown command.
Okay, then.
It was a potion of berserk rage.
A red film seems to cover your vision as you go berserk!
You feel yourself moving faster!
You feel mighty!
* * * LOW HITPOINT WARNING * * *
You feel sick. The adder bites you.
* * * LOW HITPOINT WARNING * * *
You hit the adder.
You kill the adder!
* * * LOW HITPOINT WARNING * * *
You feel sick.
Your Maces & Flails skill increases to level 3!
Your Armour skill increases to level 1!
You are too berserk!
* * * LOW HITPOINT WARNING * * *
You feel sick.
You see here an adder corpse.
You feel a strong urge to attack something.
* * * LOW HITPOINT WARNING * * *
You feel sick.
You feel your anger nearly subside.
You are no longer berserk.
You are exhausted.
You feel yourself slow down.
You die...

###.# #.# #...# #.#
#...# #.# ####...####
#.# #.).......# #.####
#.........# #.##.##
##.........#####.#...###
+.......................
####...@#####.##.#...###
##....# #.##..#.##
####.# #.###.#.# #†# #.#
#.#.# #.# #.###.#.# #.#
#.......# #.# #####.###
#.# #.# #.# #.#


There were no monsters in sight!

Vanquished Creatures
  An adder (D:2)
  2 ball pythons (D:1)
  3 endoplasms (D:1)
  A goblin (D:1)
  A hobgoblin (D:1)
  3 quokkas (D:1)
  A bat (D:1)
  A frilled lizard (D:2)
  2 kobolds (D:1)
  2 rats
17 creatures vanquished.

Notes
Turn   | Place    | Note
-------+----------+-------------------------------------------
     0 | D:1      | Amplified the Demonspawn Reaver began the quest for the
                  | Orb.
     0 | D:1      | Reached XP level 1. HP: 16/16 MP: 3/3
   348 | D:1      | Gained mutation: You sometimes gain a little power by
                  | taking damage. [demonic ancestry]
   348 | D:1      | Reached XP level 2. HP: 19/20 MP: 5/5
   471 | D:1      | Learned a level 2 spell: Momentum Strike
   828 | D:2      | Reached skill level 1 in Armour
   828 | D:2      | HP: 1/34 [poisoned by an adder]
   831 | D:2      | Succumbed to an adder's poison

Illustrated notes

Levels and vault maps discovered:
D:1:      dpeg_arrival_tiny_c, layout_loops_ring, kennysheep_crisscross
D:2:      layout_loops_corners, dilly_ecumenical_altar_fadedgnrine,
          minmay_box_of_dots

Skill      XL: |  1  2 |
---------------+-------+-----
Dodging        | 2 |  2.1
Maces & Flails | 3 |  3.0
Armour         | 1 |  1.0
Fighting       | |  2.4
Spellcasting   | |  2.0
Conjurations   | |  3.0

Action                     || total
---------------------------++-------
  Melee: Mace              ||    72
   Cast: Kiss of Death     ||     1
    Use: Potion            ||     3
   Stab: Sleeping          ||     1
 Armour: Leather armour    ||    20
  Dodge: Dodged            ||    48
